 Dungeon Sprint DCSS version 0.30-a0-596-g0af90f9a20 (webtiles) character file.

Game seed: 8267086378648833344

11283 rocky1 the Earth Mage (level 11, 0/71 HPs)
             Began as a Deep Elf Earth Elementalist on Jan 7, 2023.
             Was the Champion of Vehumet.
             Slain by Donald
             ... wielding a +2 war axe of holy wrath
              (34 damage)
             ... in the Dungeon (Sprint III: "The Ten Rune Challenge").
             The game lasted 00:14:09 (2815 turns).

rocky1 the Earth Mage (Deep Elf Earth Elementalist) Turns: 2815, Time: 00:14:10

Health: 0/71       AC:  4    Str: 11    XL:     11   Next: 47%
Magic:  10/33      EV: 17    Int: 25    God:    Vehumet [******]
Gold:   1803       SH:  0    Dex: 15    Spells: 11/42 levels left

rFire   . . .      SeeInvis .    o - +0 dagger (speed)
rCold   . . .      Faith    .    (no shield)
rNeg    . . .      Spirit   .    n - +2 robe {Will+}
rPois   .          Reflect  .    (no helmet)
rElec   .          Harm     .    (no cloak)
rCorr   .          Rampage  .    (no gloves)
Will    ++...      NoTele   +    (no boots)
Stlth   +++++                    (no amulet)
HPRegen 0.31/turn                h - +6 ring of strength
MPRegen 0.23/turn                (no ring)

@: lethally poisoned (0 -> -2), freezing walls, slowed, very slow
A: no striking features
a: Renounce Religion


You were in the Dungeon.
You worshipped Vehumet.
Vehumet was exalted by your worship.
You visited 1 branch You collected 1803 gold pieces.

Inventory:

Hand Weapons
 g - a +5 double sword
 o - a +0 dagger of speed (weapon)
Missiles
 r - 7 javelins
Armour
 a - a +0 robe
 n - a +2 robe of willpower (worn)
 q - a +2 robe of cold resistance
 s - a +0 buckler
Jewellery
 h - a +6 ring of strength (left hand)
Scrolls
 j - 2 scrolls of poison {unknown}
 k - a scroll of identify {unknown}
 m - a scroll of magic mapping {unknown}
Potions
 b - 3 potions of magic
 c - 3 potions of curing
 d - a potion of heal wounds
 e - a potion of haste
 f - a potion of berserk rage
 i - 3 potions of mutation {unknown}
 l - 2 potions of flight {unknown}
Miscellaneous
 p - a phial of floods


   Skills:
 + Level 9.6 Fighting
 - Level 9.5 Dodging
 - Level 10.4 Stealth
 + Level 16.3 Spellcasting
 + Level 11.1 Conjurations
 - Level 8.0 Transmutations
 + Level 2.6 Fire Magic
 + Level 9.0 Ice Magic
 - Level 16.6 Earth Magic


You had 11 spell levels left.
You knew the following spells:

 Your Spells              Type           Power      Damage    Failure   Level
a - Sandblast             Erth           100%       2d20      0%          1
b - Stone Arrow           Conj/Erth      100%       3d13      1%          3
c - Petrify               Tmut/Erth      70%        N/A       1%          4
d - Passwall              Tmut/Erth      58%        N/A       1%          2
e - Frozen Ramparts       Ice            100%       1d16      1%          3
f - Lee's Rapid Deconstr  Erth           40%        3d20*     1%          5
g - Ozocubu's Refrigerat  Ice            30%        4d14      14%         7
h - Starburst             Conj/Fire      26%        6d8       7%          6

Your spell library contained the following spells:

 Spells                   Type           Power      Damage    Failure   Level
 Gell's Gravitas          Tloc           20%        N/A       8%          3
 Teleport Other           Tloc           20%        N/A       8%          3
 Dispersal                Tloc           10%        N/A       99%         6


Dungeon Overview and Level Annotations

Branches:
Dungeon (1/1)

Altars:
Cheibriados
Dithmenos
Elyvilon
Fedhas
Gozag
Hepliaklqana
Kikubaaqudgha
Makhleb
Nemelex Xobeh
Okawaru
Qazlal
Ru
Sif Muna
Trog
Uskayaw
Vehumet
Wu Jian
Xom
Yredelemnul
Zin
The Shining One
Jiyva
Lugonu

Shops:
D (

Annotations:
D Donald


Message History

The blast of rock fragments hits Frances!!
Frances is almost dead.
You feel very sick.
The wall freezes Frances.
You kill Frances!
Vehumet accepts your kill.
You feel your power returning.
Your Spellcasting skill increases to level 16!
Your Conjurations skill increases to level 11!
Your Fire Magic skill gained 2 levels and is now at level 2!
Your Ice Magic skill increases to level 9!
Unknown command.
Casting: Lee's Rapid Deconstruction (safe; 1% risk of failure)
Confirm with . or Enter, or press ? or * to list all spells.
Aiming: Lee's Rapid Deconstruction (safe; 1% risk of failure)
Press: ? - help, Dir - move target A rock wall, covered with ice.
The wall shatters!
The blast of rock fragments hits Donald!!
Donald is moderately wounded.
You feel sick.
The wall freezes Donald.
You feel much better.
You feel sick.
The wall freezes Donald!
Donald casts a spell.
Donald seems to speed up.
The wall freezes Donald!
Donald gestures wildly while chanting.
Donald seems to grow stronger.
Unknown command.
Casting: Lee's Rapid Deconstruction (safe; 1% risk of failure)
Confirm with . or Enter, or press ? or * to list all spells.
Aiming: Lee's Rapid Deconstruction (safe; 1% risk of failure)
Press: ? - help, Dir - move target A rock wall, covered with ice.
The wall shatters!
The blast of rock fragments hits Donald!!
Donald is almost dead.
You feel sick.
The wall freezes Donald.
Donald hits you with a +2 war axe of holy wrath!
The wall freezes Donald!
Donald hits you with a +2 war axe of holy wrath!!
You die...

'#).#.#.###########
.#'#####################
.#..~§~'.#.)...'.#.#.#.+
.#.#)~~#.#)#...##.#.#.##
.'.#...#.#.#...#.#.#.#.#
.#.#.§.#...#...##.#.#.##
▓▓▓▓▓▓▓▓▓▓▓▓▓▓▓#.#.#.#.#
~........~~~...##.#.#.##
≈≈≈≈≈≈≈≈≈≈≈♣♣P.'@#.#.#.#
♣♣♣♣♣♣♣♣♣♣♣♣♣PP##@#.#.##
♣♣♣##)##### ♣♣♣ ... ..##
#...# ##[# #@..# #.##+
##### #...# ##..#


You could see Donald (fast, strong, reflecting).

Vanquished Creatures
  Frances (D)
  Josephine (D)
  A centaur warrior (D)
  Urug (D)
  2 deep elf knights (D)
  A lindwurm (D)
  3 deep elf zephyrmancers (D)
  A deep elf pyromancer (D)
  2 cane toads (D)
  An unseen horror (D)
  A komodo dragon (D)
  A rime drake (D)
  3 wandering mushrooms (D)
  2 tyrant leeches (D)
  5 blink frogs (D)
  A shadow (D)
  3 redbacks (D)
  A spatial vortex (D)
  A swamp drake (D)
  An orc warrior (D)
  2 centaurs (D)
  An earth elemental (D)
  A necrophage (D)
  A water elemental (D)
  4 orc priests (D)
  A jelly (D)
  Jessica (D)
  A wizard (D)
  A necromancer (D)
  4 orc wizards (D)
  3 humans (D)
  A kobold demonologist (D)
  A phantom (D)
  9 orcs (D)
  An endoplasm (D)
  2 rats (D)
67 creatures vanquished.

Notes
Turn   | Place    | Note
-------+----------+-------------------------------------------
     0 | D        | rocky1 the Deep Elf Earth Elementalist began the quest for
                  | the Orb.
     0 | D        | Reached XP level 1. HP: 10/10 MP: 6/6
    38 | D        | Noticed Jessica
    41 | D        | Killed Jessica
    42 | D        | Reached skill level 5 in Spellcasting
    42 | D        | Reached XP level 2. HP: 15/15 MP: 5/10
    42 | D        | Reached XP level 3. HP: 19/19 MP: 5/11
   107 | D        | Learned a level 3 spell: Stone Arrow
   117 | D        | Reached skill level 1 in Conjurations
   199 | D        | Noticed a water elemental
   201 | D        | Killed a water elemental
   202 | D        | Reached XP level 4. HP: 24/24 MP: 9/15
   307 | D        | Found a radiant altar of Vehumet.
   307 | D        | Found a shimmering blue altar of Sif Muna.
   307 | D        | Found an ancient bone altar of Kikubaaqudgha.
   307 | D        | Noticed a wizard
   308 | D        | Killed a wizard
   310 | D        | Reached XP level 5. HP: 28/28 MP: 14/17
   330 | D        | Became a worshipper of Vehumet
   340 | D        | Learned a level 4 spell: Petrify
   343 | D        | Learned a level 2 spell: Passwall
   359 | D        | Found a glowing silver altar of Zin.
   359 | D        | Found a glowing golden altar of the Shining One.
   359 | D        | Found a white marble altar of Elyvilon.
   359 | D        | Noticed a deep elf pyromancer
   362 | D        | Killed a deep elf pyromancer
   363 | D        | Reached skill level 5 in Transmutations
   363 | D        | Reached XP level 6. HP: 37/37 MP: 8/20
   363 | D        | Reached XP level 7. HP: 41/41 MP: 8/22
   462 | D        | Found a hide-covered altar of Uskayaw.
   462 | D        | Found an iron altar of Okawaru.
   462 | D        | Found a bloodstained altar of Trog.
   462 | D        | Found an ornate altar of the Wu Jian Council.
   462 | D        | Noticed a human
   462 | D        | Noticed a human
   464 | D        | Killed a human
   465 | D        | Reached skill level 10 in Spellcasting
   468 | D        | Killed a human
   468 | D        | Reached * piety under Vehumet
   468 | D        | Offered knowledge of Freeze by Vehumet.
   584 | D        | Found a basalt altar of Yredelemnul.
   584 | D        | Found a shadowy altar of Dithmenos.
   584 | D        | Found a sacrificial altar of Ru.
   665 | D        | Noticed a shadow
   666 | D        | Killed a shadow
   666 | D        | Offered knowledge of Kiss of Death by Vehumet.
   666 | D        | Reached ** piety under Vehumet
   667 | D        | Reached XP level 8. HP: 48/48 MP: 20/24
   710 | D        | Found a blossoming altar of Fedhas.
   710 | D        | Found a stormy altar of Qazlal.
   710 | D        | Found a snail-covered altar of Cheibriados.
   710 | D        | Found a burning altar of Makhleb.
   710 | D        | Found a shimmering altar of Xom.
   711 | D        | Found a hazy altar of Hepliaklqana.
   711 | D        | Found an opulent altar of Gozag.
   711 | D        | Found a sparkling altar of Nemelex Xobeh.
   711 | D        | Found a corrupted altar of Lugonu.
   711 | D        | Found a viscous altar of Jiyva.
   761 | D        | Noticed Josephine
   771 | D        | Killed Josephine
   772 | D        | Reached skill level 5 in Fighting
   885 | D        | Offered knowledge of Ignite Poison by Vehumet.
   885 | D        | Reached *** piety under Vehumet
   978 | D        | Noticed a centaur warrior
   983 | D        | Killed a centaur warrior
   984 | D        | Reached skill level 5 in Stealth
   984 | D        | Reached XP level 9. HP: 32/56 MP: 17/27
  1113 | D        | Killed an unseen horror
  1113 | D        | Offered knowledge of Airstrike by Vehumet.
  1113 | D        | Reached **** piety under Vehumet
  1114 | D        | Reached skill level 5 in Dodging
  1265 | D        | Noticed a wandering mushroom
  1272 | D        | Killed a wandering mushroom
  1272 | D        | Offered knowledge of Frozen Ramparts by Vehumet.
  1277 | D        | Learned a level 3 spell: Frozen Ramparts
  1318 | D        | Noticed Donald
  1318 | D        | Noticed Frances
  1333 | D        | Noticed a wandering mushroom
  1335 | D        | Noticed a wandering mushroom
  1339 | D        | Killed a wandering mushroom
  1340 | D        | Reached skill level 10 in Conjurations
  1340 | D        | Reached skill level 1 in Ice Magic
  1344 | D        | Killed a wandering mushroom
  1445 | D        | Noticed a cane toad
  1445 | D        | Noticed a komodo dragon
  1445 | D        | Noticed a cane toad
  1451 | D        | Killed a komodo dragon
  1452 | D        | Reached skill level 15 in Earth Magic
  1452 | D        | Reached XP level 10. HP: 41/63 MP: 20/29
  1453 | D        | Killed a cane toad
  1453 | D        | Reached ***** piety under Vehumet
  1453 | D        | Offered knowledge of Lee's Rapid Deconstruction by Vehumet.
  1456 | D        | Killed a cane toad
  1670 | D        | Learned a level 5 spell: Lee's Rapid Deconstruction
  1882 | D        | Noticed a lindwurm
  1885 | D        | Offered knowledge of Ozocubu's Refrigeration by Vehumet.
  1887 | D        | Killed a lindwurm
  2004 | D        | Noticed Urug
  2008 | D        | Killed Urug
  2210 | D        | Learned a level 7 spell: Ozocubu's Refrigeration
  2295 | D        | Reached skill level 10 in Stealth
  2296 | D        | Reached skill level 15 in Spellcasting
  2296 | D        | Reached skill level 5 in Ice Magic
  2442 | D        | Offered knowledge of Iron Shot by Vehumet.
  2444 | D        | Reached XP level 11. HP: 54/69 MP: 24/32
  2455 | D        | Reached ****** piety under Vehumet
  2569 | D        | Found Dats's Weapon Emporium.
  2614 | D        | Noticed a deep elf zephyrmancer
  2614 | D        | Noticed a deep elf knight
  2614 | D        | Noticed a deep elf knight
  2614 | D        | Noticed a deep elf zephyrmancer
  2614 | D        | Noticed a deep elf zephyrmancer
  2624 | D        | Killed a deep elf zephyrmancer
  2631 | D        | Killed a deep elf knight
  2631 | D        | Killed a deep elf zephyrmancer
  2634 | D        | Killed a deep elf zephyrmancer
  2634 | D        | Offered knowledge of Starburst by Vehumet.
  2635 | D        | Killed a deep elf knight
  2763 | D        | Learned a level 6 spell: Starburst
  2812 | D        | Killed Frances
  2815 | D        | Slain by Donald

Illustrated notes

Levels and vault maps discovered:
D:        dungeon_sprint_mu [sprint_mu_entry_forest, sprint_mu_temple_rooms,
          sprint_mu_d1_horrors, sprint_mu_d2_genie, sprint_mu_d3_branching,
          sprint_mu_orc_legion, sprint_mu_elf_gauntlet, sprint_mu_hive_nellie,
          sprint_mu_lair_fedhas, sprint_mu_vaults_butterflies,
          sprint_mu_slime_circle, sprint_mu_shoals_archi,
          sprint_mu_snake_twists, sprint_mu_blade_basic,
          sprint_mu_crypt_fortress, sprint_mu_tomb_spiral,
          sprint_mu_vestibule_basic, sprint_mu_gehenna_hellfire,
          sprint_mu_dis_giant, sprint_mu_tartarus_statrot,
          sprint_mu_cocytus_islands, sprint_mu_zot1]

Skill      XL: |  1  2  3  4  5  6  7  8  9 10 11 |
---------------+----------------------------------+-----
Earth Magic    | 6 8 11 12 14 15 16 | 16.6
Spellcasting   | 5 7 9 10 12 13 15 16 | 16.3
Conjurations   | 3 4 6 7 9 10 11 | 11.1
Transmutations | 2 5 6 8 |  8.0
Fighting       | 3 4 6 7 8 9 |  9.6
Dodging        | 4 6 9 |  9.5
Stealth        | 5 7 10 | 10.4
Ice Magic      | 2 5 9 |  9.0
Fire Magic     | 2 |  2.6

Action                   |  1- 3 |  4- 6 |  7- 9 | 10-12 || total
-------------------------+-------+-------+-------+-------++-------
Melee: Dagger            |       |       |     1 |     3 ||     4
 Cast: Sandblast         |    13 |     2 |       |     4 ||    19
       Stone Arrow       |     1 |     3 |    55 |    18 ||    77
       Lee's Rapid Decon |       |       |       |    41 ||    41
       Frozen Ramparts   |       |       |       |     2 ||     2
  Use: Potion            |       |       |     1 |     1 ||     2
       Scroll            |       |       |     1 |       ||     1
Armor: Robe              |       |       |     7 |     1 ||     8
Dodge: Dodged            |     3 |       |     5 |     9 ||    17

Table legend: (Time is in decaauts)
 A = Elapsed time spent in this place.
 B = Non-inter-level travel time spent in this place.
 C = Inter-level travel time spent in this place.
 D = Time resting spent in this place.
 E = Time spent auto-exploring this place.
 F = Levels seen in this place.
 G = Mean time per level.
                   A        B        C        D        E       F      G
               +--------+--------+--------+--------+--------+-----+--------+
         Total |   2841 |   2753 |     88 |   1982 |     73 |   1 | 2841.0 |
       Dungeon |   2841 |   2753 |     88 |   1982 |     73 |   1 | 2841.0 |
               +--------+--------+--------+--------+--------+-----+--------+

Top non-repeatable levels by time:
       D: 2841 daAuts
